AoeStats
← xu3u6vm0888

Hideout

510133877Analyzed
1v1 RM · 3d ago on Sep 29, 2026· 33m 30s· 2 players
Game mode
Random Map
Map size
Tiny (2 player)
Population
200
Speed
Normal
Resources
Standard
Victory
Conquest
Starting age
Dark Age
Ending age
Imperial Age
RankedLock teamsTeams togetherTeam positionsShared explorationLock speedFull tech treeHidden civsTurbo modeCheats
Victory
Defeat
🇦🇷 Armenians · Argentina
1146
+15
🇹🇼 Italians · Taiwan
1122
-15
xu3u6vm0888
1:53 Loom
11:36 Feudal Age
18:33 Forging
18:15 Fletching
24:06 Castle Age
22:18 Double-Bit Axe
23:22 Padded Archer Armor
24:11 Crossbowman
Joseph Stalin
10:48 Feudal Age
10:51 Man-at-Arms
11:20 Double-Bit Axe
12:05 Long Swordsman
15:08 Scale Mail Armor
15:20 Arson
20:55 Castle Age
19:40 Forging
21:55 Chain Mail Armor
21:22 Two-Handed Swordsman
22:26 Bow Saw
22:46 Squires
22:42 Gambesons
27:51 Iron Casting
27:50 Loom
29:05 Horse Collar
Connection lost

Rejoining the realm…

Still unreachable

The connection could not be restored.

Session expired

The server has moved on; the page needs a fresh start.